 Dungeon Crawl Stone Soup version 0.28-a0-1510-gd0f6b136d3 (webtiles) character file.

Game seed: 9834377417730188909

146 bande the Covered (level 5, 0/33 HPs)
             Began as a Gargoyle Fighter on Jan 16, 2022.
             Slain by Sigmund (2 damage)
             ... on level 3 of the Dungeon.
             The game lasted 00:03:21 (2095 turns).

bande the Covered (Gargoyle Fighter)                Turns: 2095, Time: 00:03:22

Health: 0/33       AC: 11    Str: 19    XL:     5   Next: 28%
Magic:  5/5        EV:  9    Int:  9    God:
Gold:   84         SH:  4    Dex: 11    Spells: 4/4 levels left

rFire   + . .      SeeInvis .   a - +0 war axe
rCold   . . .      Faith    .   c - +0 buckler
rNeg    + . .      Spirit   .   b - +0 scale mail
rPois   ∞          Reflect  .   (no helmet)
rElec   +          Harm     .   (no cloak)
rCorr   .          Rampage  .   (no gloves)
Will    .....                   (no boots)
Stlth   ..........              (no amulet)
HPRegen 0.11/turn               f - ring of protection from fire
MPRegen 0.09/turn               (no ring)

@: mighty
A: sickness immunity, AC +4, negative energy resistance 1, electricity
resistance, torment resistance 1, petrification resistance
a: no special abilities


You were on level 3 of the Dungeon.
You visited 1 branch of the dungeon, and saw 3 of its levels.

You collected 84 gold pieces.

Inventory:

Hand Weapons
 a - a +0 war axe (weapon)
 e - a +1 flail of holy wrath
Armour
 b - a +0 scale mail (worn)
 c - a +0 buckler (worn)
Jewellery
 f - a ring of protection from fire (left hand)
 h - a ring of flight
Scrolls
 k - a scroll of enchant armour {unknown}
Potions
 i - 2 potions of heal wounds {unknown}
 j - a potion of lignification {unknown}


   Skills:
 + Level 3.9 Fighting
 + Level 3.2 Axes
 + Level 4.4 Armour
 + Level 4.0 Shields


You had 4 spell levels left.
You didn't know any spells.
Your spell library contained the following spells:

 Spells                   Type           Power      Damage    Failure   Level
 Scorch                   Fire           0%         2d5       93%         2
 Flame Wave               Conj/Fire      0%         2d4       100%        4
 Summon Cactus Giant      Summ           0%         N/A       100%        6


Dungeon Overview and Level Annotations

Branches:
Dungeon (3/15)

Altars:

Annotations:
D:3 Sigmund


Innate Abilities, Weirdness & Mutations

You are immune to sickness and miasma.
Your stone body is resilient. (AC +4)
You are immune to poison.
You resist negative energy. (rN+)
You are resistant to electric shocks. (rElec)
You are resistant to unholy torment.
You are immune to petrification.


Message History

Terence is moderately wounded.
Terence barely misses you. Terence looks scornfully at you.
You block Terence's attack.
You barely miss Terence.
Terence is moderately wounded.
Terence hits you with a +0 flail.
You feel very mighty all of a sudden.
Sigmund gestures wildly while chanting.
Sigmund flickers and vanishes!
Deactivating autopickup; reactivate with Ctrl-A.
Terence hits you with a +0 flail.
You feel better. Something hits you. Terence completely misses you.
You block something's attack.
Unknown command.
You miss something. You hit Terence. Terence hits you with a +0 flail.
You hear some strange, mumbled words.
You are confused.
You barely miss something. You barely miss Terence.
Terence asks, "Do you want it fast or slow?"
Terence closely misses you. Something hits you.
Terence hits you with a +0 flail.
Unknown command.
You bump into the rock wall.
Terence barely misses you. Something hits you.
* * * LOW HITPOINT WARNING * * *
Unknown command.
You miss something. You closely miss Terence. Terence barely misses you.
Something hits you.
* * * LOW HITPOINT WARNING * * *
Unknown command.
You feel better. Terence closely misses you.
You closely miss something. You slash Terence! Terence barely misses you.
Something hits you!
* * * LOW HITPOINT WARNING * * *
Terence hits you but does no damage.
You miss something. You slash Terence!
You kill Terence!
Something hits you but does no damage.
You closely miss something. Something hits you.
You die...

##########
#..<.....#########
#{######.##......#
#@# #.##.####.#
#)# #.##.#<....
#...# #.....(....
.....# ####.#.##.#
.......# #.#.# #
##.###..# #<... #.
#..# #..... # #..#
.#...## #..#
......


There were no monsters in sight!

Vanquished Creatures
  Terence (D:3)
  Jessica (D:2)
  4 adders (D:2)
  2 dart slugs
  5 orcs (D:2)
  6 ball pythons
  4 bats
  2 endoplasms (D:2)
  2 giant cockroaches (D:1)
  5 hobgoblins (D:1)
  3 jackals (D:2)
  2 quokkas (D:1)
  4 frilled lizards
  5 goblins (D:1)
  A kobold (D:1)
  A rat (D:1)
48 creatures vanquished.

Vanquished Creatures (others)
  7 plants (D:3)
7 creatures vanquished.

Grand Total: 55 creatures vanquished

Notes
Turn   | Place    | Note
-------+----------+-------------------------------------------
     0 | D:1      | bande the Gargoyle Fighter began the quest for the Orb.
     0 | D:1      | Reached XP level 1. HP: 14/14 MP: 1/1
   174 | D:1      | Reached XP level 2. HP: 11/19 MP: 2/2
   701 | D:1      | Reached XP level 3. HP: 23/23 MP: 3/3
  1159 | D:2      | Noticed Jessica
  1168 | D:2      | Killed Jessica
  1169 | D:2      | Reached XP level 4. HP: 28/29 MP: 4/4
  1619 | D:3      | Noticed Sigmund
  1778 | D:2      | Reached XP level 5. HP: 28/33 MP: 5/5
  2074 | D:3      | Noticed Terence
  2094 | D:3      | Killed Terence
  2095 | D:3      | Slain by Sigmund

Illustrated notes

Levels and vault maps discovered:
D:1:      dpeg_arrival_chambers_temple_mockup, layout_loops_ring
D:2:      layout_rooms, uniq_jessica
D:3:      layout_loops_ring, shapermc_ecumenical_altar_hornbeckon,
          wander_ebering_terrifying_dragon_lair, uniq_terence, uniq_sigmund

Skill      XL: |  1  2  3  4  5 |
---------------+----------------+-----
Armour         | 4 |  4.4
Axes           | 2 3 |  3.2
Shields        | 4 |  4.0
Fighting       | |  3.9

Action                   |  1- 3 |  4- 6 || total
-------------------------+-------+-------++-------
Melee: War axe           |    92 |    54 ||   146
  Use: Scroll            |     1 |     2 ||     3
       Potion            |       |     3 ||     3
Armor: Scale mail        |    52 |    38 ||    90
Dodge: Dodged            |    44 |    31 ||    75
Block: Buckler           |    22 |    18 ||    40

Table legend: (Time is in decaauts)
 A = Elapsed time spent in this place.
 B = Non-inter-level travel time spent in this place.
 C = Inter-level travel time spent in this place.
 D = Time resting spent in this place.
 E = Time spent auto-exploring this place.
 F = Levels seen in this place.
 G = Mean time per level.
                   A        B        C        D        E       F      G
               +--------+--------+--------+--------+--------+-----+--------+
         Total |   2160 |   2115 |     45 |    616 |   1098 |   3 |  720.0 |
       Dungeon |   2160 |   2115 |     45 |    616 |   1098 |   3 |  720.0 |
               +--------+--------+--------+--------+--------+-----+--------+

Top non-repeatable levels by time:
     D:2: 1132 daAuts
     D:1: 966 daAuts
     D:3: 61 daAuts
